 Dungeon Crawl Stone Soup version 0.32-a0-666-ge8a88695a4 (webtiles) character file.

Game seed: 18349444778172278209

167 Esekla the Covert (level 5, 0/37 HPs)
             Began as an Octopode Delver on Mar 10, 2024.
             Was an Initiate of Gozag.
             Killed by nerve-wracking pain
             ... invoked by an orc priest
              (12 damage)
             ... on level 3 of the Dungeon.
             The game lasted 00:23:53 (2371 turns).

Esekla the Covert (Octopode Delver)                 Turns: 2371, Time: 00:23:54

Health: 0/37       AC:  1    Str: 11    XL:     5   Next: 48%
Magic:  7/7        EV: 13    Int: 14    God:    Gozag
Gold:   551        SH:  0    Dex: 14    Spells: 7/7 levels left

rFire   . . .        s - +2 dagger (venom)
rCold   . . .        (no shield)
rNeg    . . .        (helmet restricted)
rPois   .            (no amulet)
rElec   .            e - ring of see invisible
rCorr   .            (no ring)
SInv    +            (no ring)
Will    .....        (no ring)
Stlth   +++++        (no ring)
HPRegen 0.26/turn    (no ring)
MPRegen 0.10/turn    (no ring)
                     (no ring)

%: no passive effects
@: gold aura, attractive
A: almost no armour, amphibious, 8 rings, camouflage 1, gelatinous body 1,
(nimble swimmer 1), tentacles
a: Renounce Religion, Potion Petition, Call Merchant, Bribe Branch


You were on level 3 of the Dungeon.
You worshipped Gozag.
Gozag was pleased with you.
You visited 2 branches of the dungeon, and saw 6 of its levels.

You collected 554 gold pieces.
You paid 3 gold pieces to Gozag.

Inventory:

Hand Weapons
 a - a +0 falchion
 s - a +2 dagger of venom (weapon)
Jewellery
 e - a ring of see invisible (left tentacle)
 k - a ring of protection from cold
Wands
 f - a wand of digging (3)
Scrolls
 b - a scroll of fog
 c - 2 scrolls of identify {unknown}
 d - 2 scrolls of fear
 h - 3 scrolls of poison {unknown}
 i - 2 scrolls of enchant weapon {unknown}
 q - 3 scrolls of immolation {unknown}
Potions
 j - a potion of curing {unknown}
 l - a potion of heal wounds
 m - a potion of cancellation {unknown}
 n - a potion of haste
 o - a potion of lignification {unknown}
 p - a potion of enlightenment {unknown}


   Skills:
 * Level 3.7 Fighting
 + Level 0.6(1.6) Short Blades
 + Level 2.3(2.4) Long Blades
 * Level 2.5 Dodging
 + Level 8.0 Stealth
 * Level 1.8 Spellcasting


You had 7 spell levels left.
You didn't know any spells.
Your spell library was empty.

Dungeon Overview and Level Annotations

Branches:
Dungeon (5/15)             Temple (1/1) D:5

Altars:
Ashenzari
Cheibriados
Dithmenos
Elyvilon
Fedhas
Gozag
Hepliaklqana
Kikubaaqudgha
Makhleb
Nemelex Xobeh
Okawaru
Qazlal
Ru
Sif Muna
Trog
Uskayaw
Wu Jian
Xom
Yredelemnul
Zin
The Shining One

Shops:
D:5 :


Innate Abilities, Weirdness & Mutations

You cannot wear most types of armour.
You are amphibious.
You can wear up to eight rings at the same time.
Your skin changes colour to match your surroundings (Stealth+).
Your rubbery body absorbs attacks. (AC +1, EV +1)
((You are camouflaged when in or above water. (Stealth+)))
You have tentacles for arms and can constrict up to eight enemies at once.


Message History

The orc wizard gestures at you while chanting.
The magic dart hits you! The rat bites you.
The orc hits you with a +0 falchion.
You hit the orc.
You kill the orc!
The orc wizard casts a spell at you.
You are confused.
The rat bites you.
The orc priest hits you from afar with a +0 trident.
The orc priest is distracted by your dazzling golden aura.
The orc wizard points at you and mumbles some strange words.
The puff of flame misses you.
The puff of flame hits the orc priest!
The orc priest is no longer distracted by gold.
The orc priest shouts!
The rat bites you. The orc priest closely misses you.
It was a potion of heal wounds.
You feel much better. The orc wizard barely misses you.
The rat closely misses you.
The orc priest hits you from afar with a +0 trident.
The orc wizard casts a spell at you. The puff of flame hits you!
Okay, then.
The orc wizard closely misses you.
Okay, then.
It was a potion of attraction.
You feel attractive to monsters.
You feel less confused.
The quokka is distracted by your dazzling golden aura.
The rat bites you.
The orc priest hits you from afar with a +0 trident.
The orc wizard hits you with a +0 dagger of speed.
The orc priest is attracted toward you. The quokka is attracted toward you.
You hit the orc priest.
The orc priest is poisoned.
You grab the orc priest. You squeeze the orc priest.
The orc priest is severely wounded.
You constrict the orc priest.
The quokka is no longer distracted by gold.
The quokka misses you. The orc wizard misses you. The rat bites you.
The orc priest mumbles some strange prayers to Beogh against you.
Pain shoots through your body!
You die...
Your body crumbles into a pile of gold.

.#.......#.# #..........
.#.........## #..........
#..._..##...#### #..........
#......###.....# #..........
#......# ####..##...........
##.....# ###.>.............
##.....####....###..........
..........#.....$.........r.
##)....##.#...§o@r§.........
####......#....ro....... #
#.####.#...$....##### # #.#
#.##'##### . .<. ... #.#
##############.#
...............#
################


You could see an orc priest (very poisoned), an orc wizard, a quokka and a rat.

Vanquished Creatures
  An orc priest (D:3)
  An orc wizard (D:3)
  3 adders
  3 ribbon worms (D:2)
  2 dart slugs
  10 orcs (D:3)
  5 ball pythons
  5 endoplasms
  3 giant cockroaches
  7 goblins
  5 hobgoblins
  3 jackals (D:2)
  4 quokkas
  4 bats
  3 kobolds
  2 rats
61 creatures vanquished.

Notes
Turn   | Place    | Note
-------+----------+-------------------------------------------
     0 | D:5      | Esekla the Octopode Delver began the quest for the Orb.
     0 | D:5      | Reached XP level 1. HP: 16/16 MP: 1/1
     2 | D:5      | Found Urohakar's Self-Published Books.
    33 | D:5      | Noticed a scorpion
    41 | D:5      | Found a staircase to the Ecumenical Temple.
    50 | Temple   | Entered the Ecumenical Temple
    68 | Temple   | Became a worshipper of Gozag Ym Sagoz the Greedy
   240 | D:4      | Noticed a phantom
   251 | D:4      | Noticed a bombardier beetle
   302 | D:3      | Reached XP level 2. HP: 12/21 MP: 2/2
   399 | D:3      | Found a faded altar of an unknown god.
   473 | D:4      | Reached skill level 7 in Stealth
   581 | D:3      | Reached XP level 3. HP: 17/26 MP: 3/3
   599 | D:3      | Reached skill level 1 in Spellcasting
   599 | D:3      | Reached XP level 4. HP: 18/31 MP: 5/5
  1081 | D:1      | Reached XP level 5. HP: 32/36 MP: 7/7
  1933 | D:2      | Reached skill level 8 in Stealth
  2371 | D:3      | Killed from afar by an orc priest

Illustrated notes

Levels and vault maps discovered:
D:1:      eino_arrival_cavern_a, layout_loops_cross, minmay_splitting_lines
D:2:      layout_basic, kennysheep_generic_room_3
D:3:      layout_basic, basic_ecumenical_altar
D:4:      minmay_goblin_kobold_castle, layout_loops_cross, uniq_grinder,
          uniq_pikel
D:5:      layout_basic, minmay_temple_entry_glassed_door, nicolae_custom_books,
          minmay_shop_mass
Temple:   roderic_octagonal_lattice_temple

Skill      XL: |  1  2  3  4  5 |
---------------+----------------+-----
Stealth        | 7 8 |  8.0
Spellcasting   | 1 |  1.8
Fighting       | |  3.7
Short Blades   | |  0.6
Long Blades    | |  2.3
Dodging        | |  2.5

Action                     |  1- 3 |  4- 6 || total
---------------------------+-------+-------++-------
  Melee: Falchion          |    23 |       ||    23
         Constrict         |     7 |    22 ||    29
         Tentacles         |     8 |    14 ||    22
         Dagger            |     4 |    71 ||    75
    Use: Potion            |     1 |     2 ||     3
         Scroll            |     1 |       ||     1
   Stab: Sleeping          |     2 |    15 ||    17
         Distracted        |       |     1 ||     1
 Armour: Skin              |    14 |    35 ||    49
  Dodge: Dodged            |    16 |    33 ||    49

Table legend: (Time is in decaauts)
 A = Elapsed time spent in this place.
 B = Non-inter-level travel time spent in this place.
 C = Inter-level travel time spent in this place.
 D = Time resting spent in this place.
 E = Time spent auto-exploring this place.
 F = Levels seen in this place.
 G = Mean time per level.
                   A        B        C        D        E       F      G
               +--------+--------+--------+--------+--------+-----+--------+
         Total |   2347 |   2264 |     83 |    141 |    705 |   6 |  391.2 |
       Dungeon |   2310 |   2262 |     48 |    141 |    705 |   5 |  462.0 |
        Temple |     36 |      1 |     35 |      0 |      0 |   1 |   36.0 |
               +--------+--------+--------+--------+--------+-----+--------+

Top non-repeatable levels by time:
     D:3: 702 daAuts
     D:2: 625 daAuts
     D:1: 601 daAuts
     D:4: 245 daAuts
     D:5: 136 daAuts
  Temple: 36 daAuts
